 Dungeon Crawl Stone Soup version 0.29.1-14-g9c671dbff4 (webtiles) character file.

Game seed: 3937995213963835599

135 zlionsfan the Chiller (level 5, -5/38 HPs)
             Began as a Ghoul Ice Elementalist on Feb 18, 2023.
             Was a Follower of Kikubaaqudgha.
             Killed from afar by an orc wizard (10 damage)
             ... with a magic dart
             ... on level 4 of the Dungeon on Feb 19, 2023.
             The game lasted 00:13:58 (3529 turns).

zlionsfan the Chiller (Ghoul Ice Elementalist)      Turns: 3529, Time: 00:14:00

Health: -5/38      AC:  8    Str: 12    XL:     5   Next: 18%
Magic:  6/8        EV: 12    Int: 12    God:    Kikubaaqudgha [*.....]
Gold:   139        SH:  0    Dex:  9    Spells: 1/9 levels left

rFire   . . .      SeeInvis .     - Unarmed
rCold   + . .      Faith    .   (no shield)
rNeg    + + +      Spirit   .   a - +1 robe
rPois   ∞          Reflect  .   (no helmet)
rElec   .          Harm     .   (no cloak)
rCorr   .          Rampage  .   (no gloves)
Will    .....                   e - +0 pair of boots
Stlth   ++........              (no amulet)
HPRegen 0.00/turn               k - +4 ring of protection
MPRegen 0.11/turn               (no ring)

@: freezing walls, inhibited regen
A: claws 1, cold resistance 1, negative energy resistance 3, inhibited
regeneration, torment resistance 2, devour on kill
a: Renounce Religion, Unearth Wretches


You were on level 4 of the Dungeon.
You worshipped Kikubaaqudgha.
Kikubaaqudgha was aware of your devotion.
You visited 1 branch of the dungeon, and saw 4 of its levels.

You collected 175 gold pieces.
You spent 36 gold pieces at shops.

Inventory:

Missiles
 h - 4 javelins
Armour
 a - a +1 robe (worn)
 e - a +0 pair of boots (worn)
Jewellery
 k - a +4 ring of protection (left claw)
Scrolls
 c - a scroll of immolation
 f - a scroll of amnesia
 g - a scroll of butterflies
 m - 2 scrolls of poison {unknown}
 n - a scroll of vulnerability {unknown}
Potions
 d - 2 potions of brilliance
 j - a potion of mutation {unknown}
 l - a potion of cancellation {unknown}
 o - a potion of degeneration {unknown}


   Skills:
 + Level 1.8 Dodging
 + Level 2.8 Stealth
 * Level 1.3 Unarmed Combat
 * Level 2.9 Spellcasting
 * Level 0.3 Necromancy
 * Level 5.5 Ice Magic


You had one spell level left.
You knew the following spells:

 Your Spells              Type           Power      Damage    Failure   Level
a - Freeze                Ice            60%        1d8       2%          1
b - Frozen Ramparts       Ice            30%        1d5       8%          3
c - Ozocubu's Armour      Ice            15%        N/A       8%          3
d - Necrotise             Necr           8%         1d4       22%         1

Your spell library contained the following spells:

 Spells                   Type           Power      Damage    Failure   Level
 Vampiric Draining        Necr           2%         2d6       54%         3
 Hailstorm                Conj/Ice       8%         3d4       61%         4
 Animate Dead             Necr           2%         N/A       91%         4
 Anguish                  Hex/Necr       1%         N/A       93%         4


Dungeon Overview and Level Annotations

Branches:
Dungeon (4/15)
 Temple: D:4-7

Altars:
Cheibriados
Kikubaaqudgha
Nemelex Xobeh

Shops:
D:1 ?


Innate Abilities, Weirdness & Mutations

You are immune to poison.
You have sharp fingernails.
Your flesh is cold resistant. (rC+)
You are immune to negative energy. (rN+++)
You do not regenerate when monsters are visible.
You are immune to unholy pain and torment.
You thrive by killing the living.


Message History

Your magical contamination has completely faded away.
Something hits you.
* * * LOW HITPOINT WARNING * * *
You feel better.
You hear some strange, mumbled words.
A magic dart appears from out of thin air!
The magic dart hits you. Magic courses through your body.
Casting: Freeze (safe; 2% risk of failure)
Confirm with . or Enter, or press ? or * to list all spells.
Casting: Frozen Ramparts (dangerous; 8% risk of failure)
Press: ? - help, Dir - look around, f - activate The walls around you are covered in ice.
The wall freezes something. x2; Something hits you but does no damage.
The wall freezes the orc wizard.
The orc wizard casts a spell.
The orc wizard flickers and vanishes!
You barely miss something.
The wall freezes something.
Something hits you but does no damage.
The wall freezes something.
You hear some strange, mumbled words.
The wall freezes something.
Something hits you.
You barely miss something.
The wall freezes something.
A magic dart appears from out of thin air!
The magic dart hits something!
The wall freezes something.
You hear some strange, mumbled words.
A magic dart appears from out of thin air!
The magic dart hits you!
* * * LOW HITPOINT WARNING * * *
The wall freezes something.
Kikubaaqudgha accepts your kill.
Reactivating autopickup.
You feel a bit more experienced.
Your frozen ramparts will break if you move.
Continue?
Deactivating autopickup; reactivate with Ctrl-A.
You scratch something.
The wall freezes something. x2
You hear some strange, mumbled words.
A magic dart appears from out of thin air!
The magic dart hits you!
You die...
Kikubaaqudgha rasps: "You have failed me!
Welcome... oblivion!"

### .. ..##
..# #.#
###### #.##
#....# #@{#
..o. ##{###)#
#.))..# y#
####..# y#
#..# y# #..##
y# #...## .#
#####...##.#
#........#.##


There were no monsters in sight!

Vanquished Creatures
  An orc priest (D:4)
  An orc wizard (D:4)
  2 adders (D:3)
  2 dart slugs
  3 orcs
  7 endoplasms
  2 giant cockroaches
  7 goblins
  9 hobgoblins
  4 quokkas
  6 ball pythons
  5 bats
  3 frilled lizards (D:3)
  6 kobolds
  8 rats
66 creatures vanquished.

Notes
Turn   | Place    | Note
-------+----------+-------------------------------------------
     0 | D:1      | zlionsfan the Ghoul Ice Elementalist began the quest for
                  | the Orb.
     0 | D:1      | Reached XP level 1. HP: 14/14 MP: 2/2
   338 | D:1      | Reached XP level 2. HP: 20/20 MP: 4/4
   534 | D:1      | Found Apsid's Magic Scroll Boutique.
   547 | D:1      | Bought a scroll of noise for 12 gold pieces
   547 | D:1      | Bought a scroll of identify for 24 gold pieces
   892 | D:1      | Reached XP level 3. HP: 26/26 MP: 5/5
   899 | D:1      | Learned a level 3 spell: Frozen Ramparts
  1312 | D:2      | Reached skill level 1 in Unarmed Combat
  1424 | D:2      | Reached skill level 5 in Ice Magic
  1561 | D:2      | Found an ancient bone altar of Kikubaaqudgha.
  1571 | D:2      | Became a worshipper of Kikubaaqudgha
  2220 | D:3      | Found a snail-covered altar of Cheibriados.
  2562 | D:3      | Reached XP level 4. HP: 33/33 MP: 1/6
  2611 | D:3      | Learned a level 3 spell: Ozocubu's Armour
  2779 | D:3      | Found a sparkling altar of Nemelex Xobeh.
  3382 | D:4      | Reached * piety under Kikubaaqudgha
  3382 | D:4      | Received a gift from Kikubaaqudgha
  3385 | D:4      | Learned a level 1 spell: Necrotise
  3521 | D:4      | Reached XP level 5. HP: 8/38 MP: 1/8
  3529 | D:4      | Killed from afar by an orc wizard

Illustrated notes

Levels and vault maps discovered:
D:1:      evilmike_arrival_plus, layout_loops_ring, serial_shops, shop,
          minmay_tripent
D:2:      layout_basic, basic_altar, minmay_liquid_box, minmay_curled_crystal
D:3:      minmay_inner_zag, layout_basic, lemuel_round_altar, slow_altar_1,
          kennysheep_generic_room_13
D:4:      layout_basic, minmay_unequal

Skill      XL: |  1  2  3 |
---------------+----------+-----
Spellcasting   | 2 |  2.9
Unarmed Combat | 1 |  1.3
Ice Magic      | 5 |  5.5
Dodging        | |  1.8
Stealth        | |  2.8
Necromancy     | |  0.3

Action                   |  1- 3 |  4- 6 || total
-------------------------+-------+-------++-------
Melee: Unarmed           |    19 |    14 ||    33
       Punch             |     1 |       ||     1
 Cast: Freeze            |    67 |    24 ||    91
       Necrotise         |       |     1 ||     1
       Frozen Ramparts   |       |     1 ||     1
  Use: Scroll            |     6 |       ||     6
       Potion            |       |     3 ||     3
 Stab: Sleeping          |     6 |     1 ||     7
Armor: Robe              |    15 |    17 ||    32
Dodge: Dodged            |    34 |    13 ||    47
